 Dungeon Sprint DCSS version 0.27.1-34-g3ba077fa99 (webtiles) character file.

Game seed: 9463115976958471011

37 Arum the Shield-Bearer (level 3, -20/32 HPs)
             Began as a Formicid Fighter on Jan 16, 2022.
             Demolished by an ogre (21 damage)
             ... in the Dungeon (Sprint IX: "|||||||||||||||||||||||||||||").
             The game lasted 00:00:23 (123 turns).

Arum the Shield-Bearer (Formicid Fighter)            Turns: 123, Time: 00:00:23

Health: -20/32     AC:  7    Str: 21    XL:     3   Next: 62%
Magic:  3/3        EV:  8    Int:  7    God:
Gold:   0          SH: 10    Dex: 10    Spells: 2/2 levels left

rFire    . . .     SeeInvis +   a - +0 quarterstaff
rCold    . . .     Faith    .   c - +0 kite shield
rNeg     . . .     Spirit   .   b - +0 scale mail
rPois    .         Reflect  .   (helmet unavailable)
rElec    .         Harm     .   (no cloak)
rCorr    .         Rampage  .   (no gloves)
Will     .....                  (no boots)
Stlth    ..........             (no amulet)
HPRegen  0.10/turn              (no ring)
MPRegen  0.08/turn              (no ring)

@: mighty
A: permanent stasis, dig shafts and tunnels, antennae 3, four strong arms
a: Dig


You were in the Dungeon.
You visited 1 branch

Inventory:

Hand Weapons
 a - a +0 quarterstaff (weapon)
Armour
 b - a +0 scale mail (worn)
 c - a +0 kite shield (worn)
Potions
 e - a potion of curing
 f - a potion of heal wounds
 g - 2 potions of magic


   Skills:
 + Level 4.8 Fighting
 + Level 3.7 Staves
 + Level 4.8 Armour
 + Level 5.3 Shields


You had 2 spell levels left.
You didn't know any spells.
Your spell library was empty.

Dungeon Overview and Level Annotations

Branches:
Dungeon (1/1)

Altars:


Innate Abilities, Weirdness & Mutations

You cannot be hasted, slowed, berserked, paralysed or teleported.
You can dig through walls and to a lower floor.
You have a pair of large antennae on your head. (SInv)
Your four strong arms can wield two-handed weapons with a shield.


Message History

The iguana is severely wounded.
The iguana bites you!
You are too injured to fight recklessly!
You sock the iguana!
You kill the iguana!
The ufetubus hits you but does no damage.
The ufetubus closely misses you.
Your Fighting skill increases to level 4!
Your Staves skill increases to level 3!
Your Armour skill increases to level 4!
Your Shields skill increases to level 5!
You have reached level 3!
Your experience leads to an increase in your attributes!
Increase (S)trength, (I)ntelligence, or (D)exterity?
You feel stronger.
Unknown command.
You hit the ufetubus.
The ufetubus is severely wounded.
The ufetubus hits you but does no damage.
You block the ufetubus's attack.
The ufetubus hits you but does no damage.
You block the ufetubus's attack.
You bludgeon the ufetubus!!
You kill the ufetubus!
You block the ogre's attack.
Your scale mail prevents you from hitting the ogre.
You block the ogre's attack.
You thump the ogre!
The ogre is moderately wounded.
You block the ogre's attack.
You sock the ogre!
The ogre is heavily wounded.
The orc priest calls down the wrath of Beogh upon you.
Beogh smites you!
* * * LOW HITPOINT WARNING * * *
The ogre closely misses you.
You sock the ogre!
The ogre is almost dead.
The ogre hits you with a +0 giant spiked club!!
Ouch! That really hurt!
You die... ▓▓▓▓▓▓▓▓▓▓▓▓▓▓▓▓▓▓ ▓<...)†...@OWo...+ ▓▓▓▓▓▓▓▓▓▓▓▓▓▓▓▓▓▓

You could see a phantom, an ogre and an orc priest.

Vanquished Creatures
  An iguana (D)
  An ufetubus (D)
  A dart slug (D)
  A bat (D)
  A goblin (D)
  A hobgoblin (D)
  A frilled lizard (D)
7 creatures vanquished.

Notes
Turn   | Place    | Note
-------+----------+-------------------------------------------
     0 | D        | Arum the Formicid Fighter began the quest for the Orb.
     0 | D        | Reached XP level 1. HP: 18/18 MP: 1/1
     2 | D        | Banished a spatial maelstrom
    10 | D        | Reached skill level 4 in Shields
    16 | D        | Reached XP level 2. HP: 18/25 MP: 2/2
   113 | D        | Noticed an ogre
   113 | D        | Noticed a phantom
   118 | D        | Reached skill level 5 in Shields
   118 | D        | Reached XP level 3. HP: 14/31 MP: 3/3
   122 | D        | HP: 1/32 [orc priest/divine providence (14)]
   123 | D        | Demolished by an ogre

Illustrated notes

Levels and vault maps discovered:
D:        linesprint [early_d, line_temple, items_1, d_10, items_2, lair_1,
          lair_end, items_3, orc_1, orc_end, items_4, d_15, swamp_1, shoals_1,
          snake_1, spider_1, d_20, vaults_1, items_5, swamp_end, shoals_end,
          snake_end, spider_end, vaults_end, d_27, items_6, zot_1, zot_end,
          crypt_end, forest_end, elf_end, slime_end, tomb_end, abyss_end,
          pan_hell_end]

Skill      XL: |  1  2 |
---------------+-------+-----
Shields        | 4 5 |  5.3
Fighting       | 4 |  4.8
Staves         | 3 |  3.7
Armour         | 4 |  4.8

Action                   || total
-------------------------++-------
Melee: Quarterstaff      ||    26
  Use: Potion            ||     1
Armor: Scale mail        ||     7
Dodge: Dodged            ||     7
Block: Kite shield       ||    14
